 Dungeon Crawl Stone Soup version 0.31-a0-174-g85c54bcb58 (webtiles) character file.

Game seed: 15069964183629876235

321 qw the Chopper (level 6, 0/38 HPs)
             Began as a Gargoyle Fighter on June 15, 2023.
             Slain by an orc priest
             ... wielding a +0 mace
              (4 damage)
             ... on level 3 of the Dungeon.
             The game lasted 00:01:45 (2860 turns).

qw the Chopper (Gargoyle Fighter)                   Turns: 2860, Time: 00:01:45

Health: 0/38       AC: 14    Str: 21    XL:     6   Next: 46%
Magic:  6/6        EV:  8    Int:  9    God:
Gold:   102        SH:  5    Dex: 15    Spells: 5/5 levels left

rFire   . . .        Y - +1 war axe
rCold   . . .        c - +0 buckler
rNeg    + . .        m - +0 chain mail
rPois   inf          b - +0 helmet {SInv}
rElec   +            (no cloak)
rCorr   .            (no gloves)
SInv    +            (no boots)
Will    .....        (no amulet) Stlth
                     i - +6 ring of dexterity
HPRegen 0.26/turn    (no ring)
MPRegen 0.10/turn

%: no passive effects
@: weakened
A: sickness immunity, AC +4, negative energy resistance 1, electricity
resistance, torment resistance 1, petrification resistance
a: no special abilities


You were on level 3 of the Dungeon.
You visited 1 branch of the dungeon, and saw 3 of its levels.

You collected 102 gold pieces.


Innate Abilities, Weirdness & Mutations

You are immune to sickness and miasma.
Your stone body is resilient. (AC +4)
You are immune to poison.
You resist negative energy. (rN+)
You are resistant to electric shocks. (rElec)
You are resistant to unholy torment.
You are immune to petrification.


   Skills:
 - Level 4.0 Fighting
 + Level 5.4 Axes
 - Level 3.2 Armour
 - Level 1.3 Dodging
 - Level 3.2 Shields


You had 5 spell levels left.
You didn't know any spells.
Your spell library was empty.

Inventory:

Hand Weapons
 h - a +0 flail of holy wrath
 Y - a +1 war axe (weapon)
Armour
 b - a +0 helmet of see invisible (worn)
 c - a +0 buckler (worn)
 m - a +0 chain mail (worn)
Jewellery
 i - a +6 ring of dexterity (left hand)
 k - a ring of willpower
Potions
 d - a potion of might
 e - a potion of curing
 f - a potion of haste
 g - a potion of lignification {unknown}
 j - a potion of mutation {unknown}
 l - a potion of magic {unknown}

Dungeon Overview and Level Annotations

Branches:
Dungeon (3/15)

Altars:
Elyvilon
Wu Jian
Zin

Annotations:
D:3 exclusion: jackal


Message History

An orc priest comes into view. It is wielding a +0 mace.
The gnoll barely misses you. The gnoll hits you but does no damage.
The gnoll closely misses you.
The gnoll bouda gazes fiercely through you!
You feel your attacks grow feeble.
You hit the gnoll.
The gnoll is moderately wounded.
You block the gnoll's attack.
The gnoll bouda calls upon its god to heal the gnoll.
The gnoll's wounds heal themselves!
You slash the gnoll!
The gnoll is severely wounded.
The gnoll bouda barks out a call to the hunt!
The gnoll picks up the pace!
The gnoll hits you with a +0 spear.
You hear a shout!
You closely miss the gnoll.
The gnoll is severely wounded.
You hear a shout!
The gnoll barely misses you.
You hear a shout!
You hit the gnoll.
You kill the gnoll!
You hit the gnoll bouda but do no damage.
You slash the orc!
You kill the orc!
The gnoll bouda hits you with a +0 whip.
You hit the orc priest.
The orc priest is moderately wounded.
You hit the gnoll bouda but do no damage.
The gnoll bouda barely misses you.
The gnoll bouda hits you with a +0 whip!
The orc priest mumbles some strange prayers to Beogh against you.
Beogh smites you!
You slash the orc priest!
The orc priest is almost dead.
You barely miss the gnoll bouda.
The gnoll bouda hits you but does no damage.
The orc priest hits you with a +0 mace.
You die...

#+# #g # #o # # # # #
'################ #
......)'.o).'.... #g.
.^....)#g@o.#.... ^. #'#
.......#.)..# . #'
..#############''''#############o
gg#............................#.
###~~~~~~~~~~~~....~~~~~~~~~~~~##
~~~~~~~~~~~~~~~....~~~~~~~~~~~~~~
~~~~~~~~~~~~~~~....~~~~~~~~~~~~~~
.................................
....).............)........>#####


You could see a gnoll bouda, an orc priest and an orc.

Vanquished Creatures
  A howler monkey (D:3)
  Terence (D:2)
  Robin (D:2)
  13 gnolls (D:3)
  An adder (D:3)
  A worm (D:3)
  2 dart slugs (D:1)
  7 orcs (D:3)
  6 endoplasms
  14 goblins
  4 hobgoblins
  19 jackals
  4 quokkas
  2 ball pythons
  4 bats
  4 frilled lizards
  5 kobolds
  3 rats
92 creatures vanquished.

Notes
Turn   | Place    | Note
-------+----------+-------------------------------------------
     0 | D:1      | qw the Gargoyle Fighter began the quest for the Orb.
     0 | D:1      | Reached XP level 1. HP: 14/14 MP: 1/1
     0 | D:1      | 0 ||| qw: Version: 0.2-a-29-g511e9b1
     0 | D:1      | 0 ||| qw: Game counter: 5599
     0 | D:1      | 0 ||| qw: Always use a shield: true
     0 | D:1      | 0 ||| qw: God list: Okawaru
     0 | D:1      | 0 ||| qw: Allow faded altars: false
     0 | D:1      | 0 ||| qw: Do Orc after D:15 true
     0 | D:1      | 0 ||| qw: Do second Lair branch before Depths: true
     0 | D:1      | 0 ||| qw: Lair rune preference: random
     0 | D:1      | 0 ||| qw: Plans: Normal, Zot:1-4, Slime:5, God:TSO, Crypt,
                  | Tomb, Abyss, Pan, Hells, Win
     0 | D:1      | 0 ||| PLANNING D:1-11
    13 | D:1      | 13 ||| Stepping ~*~*~tactically~*~*~ (hiding).
    21 | D:1      | Reached skill level 2 in Axes
   117 | D:1      | Reached XP level 2. HP: 19/19 MP: 2/2
   340 | D:1      | 340 ||| Stepping ~*~*~tactically~*~*~ (stealth).
   344 | D:1      | Reached skill level 3 in Axes
   358 | D:1      | Found a faded altar of an unknown god.
   375 | D:1      | 375 ||| Stepping ~*~*~tactically~*~*~ (hiding).
   376 | D:1      | 376 ||| Stepping ~*~*~tactically~*~*~ (hiding).
   489 | D:1      | Reached XP level 3. HP: 23/23 MP: 3/3
   693 | D:1      | 693 ||| Stepping ~*~*~tactically~*~*~ (hiding).
   696 | D:1      | 696 ||| Stepping ~*~*~tactically~*~*~ (hiding).
   914 | D:1      | 914 ||| UPGRADING to +6 ring of dexterity.
   915 | D:1      | 915 ||| READING scroll labelled BOISHR KYGU.
   916 | D:1      | 916 ||| READING scroll labelled ZINTADIUMA.
   930 | D:1      | 930 ||| READING scroll labelled NEGONL RIXKOY.
   933 | D:1      | 933 ||| READING scroll labelled HEITOI BUROTH.
   934 | D:1      | 934 ||| READING scroll labelled NOT YPERUYSM.
   949 | D:2      | Noticed Robin
   952 | D:2      | 952 ||| STAIRDANCE
  1014 | D:2      | 1014 ||| STAIRDANCE
  1052 | D:2      | Killed Robin
  1053 | D:2      | Reached skill level 1 in Dodging
  1261 | D:2      | Reached XP level 4. HP: 28/28 MP: 4/4
  1346 | D:2      | 1346 ||| Stepping ~*~*~tactically~*~*~ (stealth).
  1352 | D:2      | 1352 ||| Stepping ~*~*~tactically~*~*~ (stealth).
  1503 | D:2      | Noticed Terence
  1511 | D:2      | Killed Terence
  1571 | D:2      | 1571 ||| DROPPING +0 club.
  1678 | D:2      | 1678 ||| Stepping ~*~*~tactically~*~*~ (stealth).
  1679 | D:2      | 1679 ||| Stepping ~*~*~tactically~*~*~ (stealth).
  1753 | D:2      | 1753 ||| UPGRADING to +0 helmet.
  1758 | D:2      | 1758 ||| UPGRADING to +0 chain mail.
  1768 | D:2      | 1768 ||| DROPPING +0 scale mail.
  1769 | D:2      | 1769 ||| READING scroll labelled PAM QAUVUESEO.
  1770 | D:2      | 1770 ||| DRINKING 2 smoky silvery potions.
  1796 | D:3      | 1796 ||| PLANNING SEWER
  1912 | D:3      | 1912 ||| UPGRADING to +0 helmet of see invisible.
  1917 | D:3      | 1917 ||| UPGRADING to +0 helmet.
  1922 | D:3      | 1922 ||| UPGRADING to +0 helmet of see invisible.
  1923 | D:3      | 1923 ||| UPGRADING to +0 helmet of see invisible.
  1924 | D:3      | 1924 ||| UPGRADING to +0 helmet of see invisible.
  1925 | D:3      | 1925 ||| UPGRADING to +0 helmet of see invisible.
  1926 | D:3      | 1926 ||| UPGRADING to +0 helmet of see invisible.
  1927 | D:3      | 1927 ||| UPGRADING to +0 helmet of see invisible.
  1928 | D:3      | 1928 ||| UPGRADING to +0 helmet of see invisible.
  1929 | D:3      | 1929 ||| UPGRADING to +0 helmet of see invisible.
  1930 | D:3      | 1930 ||| UPGRADING to +0 helmet of see invisible.
  1931 | D:3      | 1931 ||| UPGRADING to +0 helmet of see invisible.
  1932 | D:3      | 1932 ||| UPGRADING to +0 helmet of see invisible.
  1933 | D:3      | 1933 ||| UPGRADING to +0 helmet of see invisible.
  1934 | D:3      | 1934 ||| UPGRADING to +0 helmet of see invisible.
  1936 | D:3      | 1936 ||| UPGRADING to +0 helmet of see invisible.
  1937 | D:3      | 1937 ||| UPGRADING to +0 helmet of see invisible.
  1938 | D:3      | 1938 ||| UPGRADING to +0 helmet of see invisible.
  1939 | D:3      | 1939 ||| UPGRADING to +0 helmet of see invisible.
  1940 | D:3      | 1940 ||| UPGRADING to +0 helmet of see invisible.
  1941 | D:3      | 1941 ||| UPGRADING to +0 helmet of see invisible.
  1942 | D:3      | 1942 ||| UPGRADING to +0 helmet of see invisible.
  1943 | D:3      | 1943 ||| UPGRADING to +0 helmet of see invisible.
  1944 | D:3      | 1944 ||| UPGRADING to +0 helmet of see invisible.
  1945 | D:3      | 1945 ||| UPGRADING to +0 helmet of see invisible.
  1946 | D:3      | 1946 ||| UPGRADING to +0 helmet of see invisible.
  1947 | D:3      | 1947 ||| UPGRADING to +0 helmet of see invisible.
  1948 | D:3      | 1948 ||| UPGRADING to +0 helmet of see invisible.
  1949 | D:3      | 1949 ||| UPGRADING to +0 helmet of see invisible.
  1950 | D:3      | 1950 ||| UPGRADING to +0 helmet of see invisible.
  1951 | D:3      | 1951 ||| UPGRADING to +0 helmet of see invisible.
  1952 | D:3      | 1952 ||| UPGRADING to +0 helmet of see invisible.
  1953 | D:3      | 1953 ||| UPGRADING to +0 helmet of see invisible.
  1954 | D:3      | 1954 ||| UPGRADING to +0 helmet of see invisible.
  1955 | D:3      | 1955 ||| UPGRADING to +0 helmet of see invisible.
  1956 | D:3      | 1956 ||| UPGRADING to +0 helmet of see invisible.
  1957 | D:3      | 1957 ||| UPGRADING to +0 helmet of see invisible.
  1958 | D:3      | 1958 ||| UPGRADING to +0 helmet of see invisible.
  1959 | D:3      | 1959 ||| UPGRADING to +0 helmet of see invisible.
  1960 | D:3      | 1960 ||| UPGRADING to +0 helmet of see invisible.
  1961 | D:3      | 1961 ||| UPGRADING to +0 helmet of see invisible.
  1962 | D:3      | 1962 ||| UPGRADING to +0 helmet of see invisible.
  1963 | D:3      | 1963 ||| UPGRADING to +0 helmet of see invisible.
  1964 | D:3      | 1964 ||| UPGRADING to +0 helmet of see invisible.
  1965 | D:3      | 1965 ||| UPGRADING to +0 helmet of see invisible.
  1966 | D:3      | 1966 ||| UPGRADING to +0 helmet of see invisible.
  1967 | D:3      | 1967 ||| UPGRADING to +0 helmet of see invisible.
  1968 | D:3      | 1968 ||| UPGRADING to +0 helmet of see invisible.
  1969 | D:3      | 1969 ||| UPGRADING to +0 helmet of see invisible.
  1970 | D:3      | 1970 ||| UPGRADING to +0 helmet of see invisible.
  1971 | D:3      | 1971 ||| UPGRADING to +0 helmet of see invisible.
  1972 | D:3      | 1972 ||| UPGRADING to +0 helmet of see invisible.
  1973 | D:3      | 1973 ||| UPGRADING to +0 helmet of see invisible.
  1974 | D:3      | 1974 ||| UPGRADING to +0 helmet of see invisible.
  1975 | D:3      | 1975 ||| UPGRADING to +0 helmet of see invisible.
  1976 | D:3      | 1976 ||| UPGRADING to +0 helmet of see invisible.
  1977 | D:3      | 1977 ||| UPGRADING to +0 helmet of see invisible.
  1978 | D:3      | 1978 ||| UPGRADING to +0 helmet of see invisible.
  1979 | D:3      | 1979 ||| UPGRADING to +0 helmet of see invisible.
  1980 | D:3      | 1980 ||| UPGRADING to +0 helmet of see invisible.
  1981 | D:3      | 1981 ||| UPGRADING to +0 helmet of see invisible.
  1982 | D:3      | 1982 ||| UPGRADING to +0 helmet of see invisible.
  1983 | D:3      | 1983 ||| UPGRADING to +0 helmet of see invisible.
  1984 | D:3      | 1984 ||| UPGRADING to +0 helmet of see invisible.
  1985 | D:3      | 1985 ||| UPGRADING to +0 helmet of see invisible.
  1986 | D:3      | 1986 ||| UPGRADING to +0 helmet of see invisible.
  1987 | D:3      | 1987 ||| UPGRADING to +0 helmet of see invisible.
  1988 | D:3      | 1988 ||| UPGRADING to +0 helmet of see invisible.
  1989 | D:3      | 1989 ||| UPGRADING to +0 helmet of see invisible.
  1990 | D:3      | 1990 ||| UPGRADING to +0 helmet of see invisible.
  1991 | D:3      | 1991 ||| UPGRADING to +0 helmet of see invisible.
  1992 | D:3      | 1992 ||| UPGRADING to +0 helmet of see invisible.
  1993 | D:3      | 1993 ||| UPGRADING to +0 helmet of see invisible.
  1994 | D:3      | 1994 ||| UPGRADING to +0 helmet of see invisible.
  1995 | D:3      | 1995 ||| UPGRADING to +0 helmet of see invisible.
  1996 | D:3      | 1996 ||| UPGRADING to +0 helmet of see invisible.
  1997 | D:3      | 1997 ||| UPGRADING to +0 helmet of see invisible.
  1999 | D:3      | 1999 ||| UPGRADING to +0 helmet of see invisible.
  2000 | D:3      | 2000 ||| UPGRADING to +0 helmet of see invisible.
  2001 | D:3      | 2001 ||| UPGRADING to +0 helmet of see invisible.
  2002 | D:3      | 2002 ||| UPGRADING to +0 helmet of see invisible.
  2003 | D:3      | 2003 ||| UPGRADING to +0 helmet of see invisible.
  2004 | D:3      | 2004 ||| UPGRADING to +0 helmet of see invisible.
  2005 | D:3      | 2005 ||| UPGRADING to +0 helmet of see invisible.
  2007 | D:3      | 2007 ||| UPGRADING to +0 helmet of see invisible.
  2008 | D:3      | 2008 ||| UPGRADING to +0 helmet of see invisible.
  2008 | D:3      | HP: 6/28 [jackal (2)]
  2009 | D:3      | 2009 ||| READING scroll of teleportation.
  2010 | D:3      | 2010 ||| UPGRADING to +0 helmet of see invisible.
  2011 | D:3      | 2011 ||| UPGRADING to +0 helmet of see invisible.
  2015 | D:3      | HP: 6/28 [goblin/+0 club (2)]
  2020 | D:3      | Reached skill level 4 in Axes
  2104 | D:3      | 2104 ||| UPGRADING to +0 helmet of see invisible.
  2114 | D:3      | 2114 ||| DROPPING +0 helmet.
  2154 | D:3      | Reached XP level 5. HP: 24/32 MP: 5/5
  2225 | D:3      | 2225 ||| Stepping ~*~*~tactically~*~*~ (stealth).
  2233 | D:3      | 2233 ||| DROPPING +0 mace.
  2237 | D:3      | 2237 ||| Stepping ~*~*~tactically~*~*~ (stealth).
  2238 | D:3      | 2238 ||| Stepping ~*~*~tactically~*~*~ (stealth).
  2239 | D:3      | 2239 ||| Stepping ~*~*~tactically~*~*~ (stealth).
  2240 | D:3      | 2240 ||| Stepping ~*~*~tactically~*~*~ (stealth).
  2423 | D:3      | Reached skill level 5 in Axes
  2428 | D:3      | Reached XP level 6. HP: 10/37 MP: 6/6
  2473 | D:3      | 2473 ||| RIP SEWER
  2529 | D:3      | 2529 ||| PLANNING D:1-11
  2531 | D:3      | 2531 ||| DROPPING +0 flail.
  2636 | D:3      | Found a white marble altar of Elyvilon.
  2640 | D:3      | Found a glowing silver altar of Zin.
  2642 | D:3      | Found an ornate altar of the Wu Jian Council.
  2740 | D:3      | 2740 ||| Stepping ~*~*~tactically~*~*~ (stealth).
  2741 | D:3      | 2741 ||| Stepping ~*~*~tactically~*~*~ (stealth).
  2859 | D:3      | HP: 3/38 [orc priest/divine providence (7)]
  2860 | D:3      | Slain by an orc priest

Levels and vault maps discovered:
D:1:      saegor_arrival_miasma, layout_basic, chequers_ecumenical_altar_grove,
          lemuel_flame_loot_1
D:2:      layout_basic, uniq_terence, uniq_robin
D:3:      lemuel_castle_with_subvaults [lemuel_castle_interior_carwin_3],
          layout_basic, minitemple, lightli_sewer_entry_pipes

Skill      XL: |  1  2  3  4  5  6 |
---------------+-------------------+-----
Axes           | 2 3 4 5 |  5.4
Dodging        | 1 |  1.3
Fighting       | 4 |  4.0
Armour         | |  3.2
Shields        | |  3.2

Action                     |  1- 3 |  4- 6 || total
---------------------------+-------+-------++-------
  Melee: War axe           |    91 |   128 ||   219
    Use: Scroll            |     5 |     2 ||     7
         Potion            |       |     1 ||     1
 Armour: Scale mail        |    57 |     6 ||    63
         Chain mail        |       |   207 ||   207
  Dodge: Dodged            |    40 |   197 ||   237
  Block: Buckler           |    17 |    94 ||   111

Table legend:
 A = Non-vault XP
 B = Vault XP
 C = Vault XP percentage of total XP
 D = Non-vault monster count
 E = Vault monster count
 F = Vault count percentage of total count
                 A         B        C        D         E       F
            +---------+---------+-------+---------+---------+-------
      Total |     157 |     302 |  65.8 |      51 |      41 |  44.6
            +---------+---------+-------+---------+---------+-------
        D:1 |      41 |      12 |  22.6 |      22 |       6 |  21.4
        D:2 |      20 |      61 |  75.3 |      11 |       7 |  38.9
        D:3 |      96 |     229 |  70.5 |      18 |      28 |  60.9
            +---------+---------+-------+---------+---------+-------
